 Dungeon Crawl Stone Soup version 0.28-a0-1339-ga5422284a4 (webtiles) character file.

Game seed: 16073226820679577169

6391 browni3141 the Fencer (level 10, 0/74 HPs)
             Began as a Palentonga Berserker on Dec 28, 2021.
             Was a Priest of Trog.
             Slain by an eight-headed hydra (11 damage)
             ... on level 8 of the Dungeon.
             The game lasted 00:11:44 (8822 turns).

browni3141 the Fencer (Palentonga Berserker)        Turns: 8822, Time: 00:11:44

Health: 0/74       AC: 17    Str: 25    XL:     10   Next: 66%
Magic:  7/10       EV:  9    Int:  7    God:    Trog [***...]
Gold:   498        SH:  0    Dex: 10    Spells: 9/9 levels left

rFire   . . .      SeeInvis +   a - +5 long sword (venom)
rCold   + . .      Faith    .   B - orb {light}
rNeg    . . .      Spirit   .   e - +1 ring mail {rC+}
rPois   .          Reflect  .   h - +0 helmet
rElec   .          Harm     .   d - +0 cloak
rCorr   .          Rampage  .   D - +0 pair of gloves {infuse}
Will    ++...                   (no barding)
Stlth   ..........              (no amulet)
HPRegen 1.22/turn               (no ring)
MPRegen 0.12/turn               (no ring)

@: strong-willed, on berserk cooldown, regenerating, slowed, glowing, curled up,
very slow
A: large, rugged brown scales 3, see invisible, deformed body, roll 1, armoured
tail, reflexive curl
a: Rolling Charge, Renounce Religion, Berserk, Trog's Hand


You were on level 8 of the Dungeon.
You worshipped Trog.
Trog was most pleased with you.
You visited 1 branch of the dungeon, and saw 8 of its levels.

You collected 498 gold pieces.

Inventory:

Hand Weapons
 a - a +5 long sword of venom (weapon)
 i - a +0 falchion
Armour
 b - a +0 animal skin
 d - a +0 cloak (worn)
 e - a +1 ring mail of cold resistance (worn)
 g - an orb of mayhem
 h - a +0 helmet (worn)
 B - an orb of light (worn)
 D - a +0 pair of gloves of infusion (worn)
Wands
 v - a wand of charming (4)
 z - a wand of digging (10)
 C - a wand of flame (21)
Scrolls
 f - 5 scrolls of teleportation
 j - 2 scrolls of vulnerability
 k - a scroll of silence {unknown}
 m - 3 scrolls of fog
 q - a scroll of holy word
 s - 3 scrolls of magic mapping
 w - 2 scrolls of fear {unknown}
 y - 2 scrolls of blinking {unknown}
 F - a scroll of identify
Potions
 c - a potion of invisibility {unknown}
 l - 5 potions of curing
 n - 2 potions of berserk rage {unknown}
 o - 5 potions of flight {unknown}
 p - a potion of haste {unknown}
 r - a potion of might {unknown}
 t - a potion of lignification {unknown}
 u - a potion of attraction {unknown}
 x - a potion of resistance {unknown}
 A - a potion of magic {unknown}
 E - a potion of heal wounds {unknown}


   Skills:
 - Level 3.0 Fighting
 * Level 16.2 Long Blades
 - Level 1.5 Armour
 - Level 1.5 Dodging


You had 9 spell levels left.
You didn't know any spells.
Your spell library contained the following spells:

 Spells                   Type           Power      Damage    Failure   Level
 Dazzling Flash           Conj/Hex       0%         N/A       91%         3
 Agony                    Necr           0%         N/A       100%        5
 Silence                  Hex/Air        0%         N/A       100%        5


Dungeon Overview and Level Annotations

Branches:
Dungeon (8/15)             Temple (0/1) D:7
   Lair: D:8-11

Altars:
Cheibriados
Gozag
Makhleb
Okawaru
Ru
Sif Muna
Uskayaw
Wu Jian
Xom

Shops:
D:6 =   D:7 *!


Innate Abilities, Weirdness & Mutations

You are completely covered in rugged brown scales. (AC +3, +7% HP)
You have supernaturally acute eyesight. (SInv)
Armour fits poorly on your strangely shaped body.
You can roll at nearby foes to attack.
You have a long armoured tail.
You curl defensively after being hit. (AC +7*)


Message History

The kobold throws a stone.
The stone hits you but does no damage.
There is a stone staircase leading down here.
The eight-headed hydra bites you but does no damage.
The eight-headed hydra closely misses you.
The eight-headed hydra completely misses you.
The eight-headed hydra barely misses you.
The eight-headed hydra bites you. The eight-headed hydra bites you! x2
* * * LOW HITPOINT WARNING * * *
The eight-headed hydra completely misses you.
Unknown command.
Your skin crawls.
You feel strong-willed. The eight-headed hydra bites you!
* * * LOW HITPOINT WARNING * * *
The eight-headed hydra bites you but does no damage. x2
The eight-headed hydra barely misses you.
The eight-headed hydra bites you.
* * * LOW HITPOINT WARNING * * *
The eight-headed hydra bites you but does no damage.
The eight-headed hydra barely misses you.
The eight-headed hydra bites you.
* * * LOW HITPOINT WARNING * * *
Unknown command.
Unknown command.
Unknown command.
Okay, then.
There are monsters nearby!
Unknown command.
The eight-headed hydra barely misses you.
The eight-headed hydra bites you.
* * * LOW HITPOINT WARNING * * *
The eight-headed hydra closely misses you.
The eight-headed hydra bites you but does no damage. x2
The eight-headed hydra bites you!
* * * LOW HITPOINT WARNING * * *
The eight-headed hydra bites you but does no damage. x2
The kobold hits you but does no damage.
Unknown command.
It was a potion of curing.
You feel better. The eight-headed hydra bites you!
You die...

#.. ##### ##..### #...
.###.....###.# .#### #
.............#### ...
#...)).......# ... #..##)##..##.#
..# # #...).##..##.# #.# #######
###......K>...####.#####
................@D.##......#...
#.#####.#########.###.###..#.###K
#.# #.# #.# #.# #.?...... #.# #.#
##.###.# #..#)#.## ..## #.#
###.#.##.# #..#.# ...####.#
#........####.#.# .....##.#
#.#...........#.. ...#.##.#
#.#.#####.####### #.##.##.##
#.#.# ..


You could see an eight-headed hydra and a kobold.

Vanquished Creatures
  A boulder beetle (D:8)
  A two-headed ogre (D:8)
  A skeletal warrior (D:8)
  A wizard (D:7)
  An ugly thing (D:8)
  A cyclops (D:8)
  3 yaks (D:8)
  2 steam dragons
  The ghost of dang3rdave the Skirmisher, an amateur GrAM (D:4)
  2 water moccasins
  3 orc warriors
  A sky beast (D:8)
  2 ogres
  A centaur (D:8)
  An ogre (shapeshifter) (D:8)
  A phantom (D:7)
  3 bullfrogs
  A gnoll sergeant (D:4)
  A water moccasin zombie (D:5)
  A killer bee (D:8)
  The ghost of Urgle the Ruffian, a weakling TrFi (D:6)
  7 wights
  A howler monkey (D:8)
  An electric eel (D:7)
  2 jellies
  4 hounds
  An orc priest (D:2)
  A gnoll shaman (D:6)
  A centaur skeleton (D:7)
  4 iguanas
  11 orc wizards
  6 adders
  3 gnolls (D:6)
  A howler monkey skeleton (D:6)
  5 white imps
  A worm (D:4)
  3 dart slugs
  33 orcs
  5 bats
  4 endoplasms
  4 giant cockroaches
  4 hobgoblins
  3 jackals (D:2)
  6 quokkas
  6 ball pythons
  A frilled lizard (D:1)
  8 goblins
  5 kobolds
  3 rats
164 creatures vanquished.

Vanquished Creatures (others)
  9 plants
9 creatures vanquished.

Grand Total: 173 creatures vanquished

Notes
Turn   | Place    | Note
-------+----------+-------------------------------------------
     0 | D:1      | browni3141 the Palentonga Berserker began the quest for the
                  | Orb.
     0 | D:1      | Reached XP level 1. HP: 19/19 MP: 1/1
   218 | D:1      | Reached XP level 2. HP: 25/25 MP: 2/2
   880 | D:2      | Reached skill level 4 in Long Blades
   923 | D:2      | Reached XP level 3. HP: 29/31 MP: 3/3
  1758 | D:2      | Reached ** piety under Trog
  1921 | D:3      | Found an opulent altar of Gozag.
  1927 | D:3      | Reached skill level 5 in Long Blades
  1927 | D:3      | Reached XP level 4. HP: 37/37 MP: 4/4
  2065 | D:2      | Reached XP level 5. HP: 43/43 MP: 5/5
  2082 | D:3      | Reached skill level 6 in Long Blades
  2976 | D:3      | Found an iron altar of Okawaru.
  3317 | D:4      | Reached XP level 6. HP: 50/50 MP: 6/6
  3463 | D:4      | Reached skill level 7 in Long Blades
  3774 | D:4      | Noticed a two-headed ogre
  3790 | D:5      | Entered Level 5 of the Dungeon
  3842 | D:5      | Reached skill level 8 in Long Blades
  4109 | D:5      | Noticed a steam dragon
  4113 | D:5      | Gained mutation: You curl defensively after being hit. (AC
                  | +7*) [Palentonga growth]
  4113 | D:5      | Reached XP level 7. HP: 55/55 MP: 7/7
  4120 | D:5      | Killed a steam dragon
  4167 | D:5      | Reached skill level 9 in Long Blades
  4568 | D:5      | Found a burning altar of Makhleb.
  4568 | D:5      | Noticed a cacodemon
  4618 | D:5      | Identified a scroll of acquirement
  4620 | D:5      | Acquired a +5 long sword of venom
  4632 | D:6      | Found an ornate altar of the Wu Jian Council.
  4650 | D:6      | Reached *** piety under Trog
  4841 | D:6      | Found Wiumem's One-of-a-Kind Rings.
  4856 | D:6      | Reached XP level 8. HP: 44/62 MP: 8/8
  5008 | D:6      | Found a hide-covered altar of Uskayaw.
  5009 | D:6      | Reached skill level 10 in Long Blades
  5100 | D:6      | Found a runed translucent door.
  5103 | D:6      | Found a sacrificial altar of Ru.
  5472 | D:6      | Noticed Urgle's ghost (weakling TrFi)
  5846 | D:6      | Killed Urgle's ghost
  5909 | D:7      | Found a staircase to the Ecumenical Temple.
  5912 | D:7      | Found Egiemoin's Distillery.
  5913 | D:7      | Reached skill level 11 in Long Blades
  5913 | D:7      | Found Ustroifedy's Elemental Accessories.
  6004 | D:7      | Reached **** piety under Trog
  6014 | D:7      | Found a shimmering blue altar of Sif Muna.
  6291 | D:7      | Noticed a wizard
  6306 | D:7      | Killed a wizard
  6307 | D:7      | Reached skill level 12 in Long Blades
  6307 | D:7      | Reached XP level 9. HP: 41/67 MP: 9/9
  6465 | D:7      | Found a shimmering altar of Xom.
  7252 | D:4      | Found a snail-covered altar of Cheibriados.
  7330 | D:4      | Found a runed translucent door.
  7330 | D:4      | Noticed dang3rdave's ghost (amateur GrAM)
  7345 | D:4      | Killed dang3rdave's ghost
  7346 | D:4      | Reached skill level 13 in Long Blades
  7899 | D:8      | Reached skill level 14 in Long Blades
  7982 | D:8      | Noticed a cyclops
  7992 | D:8      | Killed a cyclops
  7993 | D:8      | Reached XP level 10. HP: 60/74 MP: 7/10
  8001 | D:8      | Noticed a boulder beetle
  8003 | D:8      | Noticed a skeletal warrior
  8020 | D:8      | Killed a boulder beetle
  8378 | D:8      | Killed a skeletal warrior
  8379 | D:8      | Reached skill level 15 in Long Blades
  8616 | D:8      | Noticed a two-headed ogre
  8626 | D:8      | Killed a two-headed ogre
  8801 | D:8      | Noticed a white ugly thing
  8808 | D:8      | Noticed an eight-headed hydra
  8811 | D:8      | Killed a white ugly thing
  8812 | D:8      | Reached skill level 16 in Long Blades
  8821 | D:8      | HP: 1/74 [eight-headed hydra (7)]
  8822 | D:8      | Slain by an eight-headed hydra

Illustrated notes

Levels and vault maps discovered:
D:1:      minmay_arrival_solitary_statue, layout_basic
D:2:      layout_loops_corners, minmay_distorted
D:3:      layout_loops_ring, nicolae_gozag_seed_capital,
          kennysheep_okawaru_gauntlet
D:4:      layout_basic, cheibriados_altar_1, ebering_ghost_inner_flame,
          eino_curves_03
D:5:      layout_basic, makhleb_altar_promises_db,
          chequers_serial_rivers_large_b, serial_bayou_pond_c, dk_vineyard_1
D:6:      layout_basic, nicolae_wu_jian_wuxing_cycle,
          nicolae_uskayaw_murder_on_the_dancefloor, hangedman_ru_absence,
          ebering_ghost_reflecting_pool, nicolae_shop_unique_rings,
          kennysheep_generic_room_10
D:7:      cheibrodos_wizards_tower, layout_basic, nicolae_sif_muna_condensation,
          mainiacjoe_overflow_cross_hatched, minmay_temple_entry_arrows,
          serial_shops, shop, chequers_serial_rivers_room_a,
          chequers_serial_rivers_marsh, nicolae_elemental_shop
D:8:      minmay_the_grid_plus [minmay_the_grid_pillar_ring,
          minmay_the_grid_large_cup, minmay_the_grid_holed_spiral,
          minmay_the_grid_broken_lines, minmay_the_grid_prize_trominoes],
          layout_loops_ring, serial_bayou_lagoon_b

Skill      XL: |  1  2  3  4  5  6  7  8  9 10 |
---------------+-------------------------------+-----
Long Blades    | 4 5 6 8 9 12 14 16 | 16.2
Fighting       | |  3.0
Armour         | |  1.5
Dodging        | |  1.5

Action                   |  1- 3 |  4- 6 |  7- 9 | 10-12 || total
-------------------------+-------+-------+-------+-------++-------
Melee: Falchion          |   101 |   149 |    32 |       ||   282
       Tailslap          |     9 |    14 |    21 |     4 ||    48
       Long sword        |       |       |   152 |    34 ||   186
Invok: Berserk           |     2 |     5 |     3 |     4 ||    14
       Trog's Hand       |       |       |     1 |     1 ||     2
 Abil: Rolling Charge    |    27 |    17 |    37 |     5 ||    86
  Use: Scroll            |       |       |     7 |       ||     7
       Potion            |       |       |       |     1 ||     1
Armor: Animal skin       |    31 |       |       |       ||    31
       Scale mail        |    11 |    52 |    50 |       ||   113
       Ring mail         |       |       |     8 |    17 ||    25
Dodge: Dodged            |    54 |    53 |    47 |    18 ||   172

Table legend: (Time is in decaauts)
 A = Elapsed time spent in this place.
 B = Non-inter-level travel time spent in this place.
 C = Inter-level travel time spent in this place.
 D = Time resting spent in this place.
 E = Time spent auto-exploring this place.
 F = Levels seen in this place.
 G = Mean time per level.
                   A        B        C        D        E       F      G
               +--------+--------+--------+--------+--------+-----+--------+
         Total |   8956 |   8552 |    404 |   1447 |   5938 |   8 | 1119.5 |
       Dungeon |   8956 |   8552 |    404 |   1447 |   5938 |   8 | 1119.5 |
               +--------+--------+--------+--------+--------+-----+--------+

Top non-repeatable levels by time:
     D:7: 1732 daAuts
     D:2: 1357 daAuts
     D:6: 1338 daAuts
     D:4: 1072 daAuts
     D:3: 1059 daAuts
     D:5: 903 daAuts
     D:1: 869 daAuts
     D:8: 625 daAuts
